Map: Ever Dream LE

Players

DRG

  • Race: Zerg Zerg
  • Spawn Location: 7:00

Reynor - Winner!

  • Race: Zerg Zerg
  • Spawn Location: 1:00

Event: War Chest Team League

VOD

Have the link to the VOD?

Description

Time

  • Played on: Aug. 2, 2020, 11:25 a.m.
  • Length: 2:56
Show
View Real Time Build Order
Export as new Build Order

DRG Zerg 

Build Orders: Pool Only 

Get SALT Encoding   

  12  0:17  Spawning Pool  
  11  0:22  Drone  
  11  0:27  Drone  
  13  0:31  Drone  
  14  0:40  Overlord  
  14  1:04  Zergling x4  
  14  1:05  Zergling x2  
  17  1:16  Zergling x2  
  18  1:27  Zergling x2  
  19  1:37  Zergling x2  
  20  1:49  Zergling x2  
  21  2:01  Spine Crawler  
  21  2:02  Spine Crawler  
  21  2:03  Zergling x2  
  19  2:23  Zergling x2  
  14  2:40  Spine Crawler  
Show
View Real Time Build Order
Export as new Build Order

Reynor Zerg - Winner!

Build Orders: Hatch First 

Get SALT Encoding   

  12  0:00  Drone  
  13  0:12  Overlord  
  13  0:16  Drone  
  14  0:30  Drone  
  14  0:31  Drone  
  16  0:47  Hatchery  
  15  0:51  Drone  
  15  0:55  Drone  
  17  1:08  Spawning Pool  
  16  1:11  Drone  
  16  1:13  Extractor  
  16  1:17  Drone  
  17  1:20  Drone  
  18  1:28  Drone  
  19  1:38  Drone  
  20  1:50  Drone  
  21  1:58  Queen  
  21  2:00  Zergling x4, Spine Crawler  
  24  2:04  Spine Crawler  
  24  2:10  Zergling x2  
  24  2:12  Zergling x2  
  26  2:23  Zergling x4  
Tags
 
Add a new tag
Caveats
  • Supply blocks, unpowered buildings, or Contaminate may cause inaccurate times.
  • Supply counts are checked every 10 seconds.